[Event "December 19 Early 2023"]
[Site "https://www.chess.com"]
[Date "2023.12.19"]
[Round "1"]
[White "Brodsky, David"]
[Black "Omariev, Maksim"]
[Result "1-0"]
[Board "69"]
[TimeControl "180+1"]
[WhiteFideId "2073250"]
[BlackFideId "4193423"]
[WhiteElo "2835"]
[BlackElo "2456"]
[WhiteTeam "USA"]
[BlackTeam "RUS"]
[WhiteClock "0:00:18"]
[BlackClock "0:00:00"]

1. d4 h5 2. e4 h4 3. c4 d6 4. h3 e5 5. Nf3 Nc6 6. Nc3 Be7 7. d5 Nb8 8. Be3 Nd7 9. b4 a5 10. a3 b6 11. Bd3 Ngf6 12. O-O Nh5 13. c5 bxc5 14. bxc5 dxc5 15. Bb5 Bd6 16. Nd2 Qf6 17. Rb1 Nf4 18. Bc6 Ra6 19. Nc4 O-O 20. Nb5 Nb8 21. Bxf4 Nxc6 22. dxc6 exf4 23. Nbxd6 cxd6 24. Nb6 Be6 25. Qxd6 Qg5 26. Qd3 c4 27. Qf3 Qc5 28. Nd5 Rxc6 29. Rfc1 Bxd5 30. exd5 Rd6 31. Qxf4 Qxa3 32. Qxc4 Rfd8 33. Rd1 1-0

[Event "December 19 Early 2023"]
[Site "https://www.chess.com"]
[Date "2023.12.19"]
[Round "1"]
[White "Veleshnja, Zino"]
[Black "Durarbayli, Vasif"]
[Result "0-1"]
[Board "70"]
[TimeControl "180+1"]
[WhiteFideId "4701313"]
[BlackFideId "13402935"]
[WhiteElo "2216"]
[BlackElo "2551"]
[WhiteTeam "ALB"]
[BlackTeam "AZE"]
[WhiteClock "0:01:14"]
[BlackClock "0:01:58"]

1. d4 Nf6 2. c4 e6 3. Nc3 Bb4 4. g3 c5 5. Nf3 cxd4 6. Nxd4 Ne4 7. Bd2 Nxc3 8. bxc3 Be7 9. Bg2 a6 10. O-O Qc7 11. Rb1 O-O 12. Qb3 Nc6 13. Bf4 e5 14. Nxc6 dxc6 15. Be3 b5 16. cxb5 axb5 17. Ra1 Be6 18. Qc2 Ra4 19. Rfd1 Rfa8 20. h3 h6 21. Kh2 Bxa2 22. Qf5 Be6 23. Qf3 Rxa1 0-1

[Event "December 19 Early 2023"]
[Site "https://www.chess.com"]
[Date "2023.12.19"]
[Round "1"]
[White "Haug, Havard"]
[Black "Federzoni, Enzo"]
[Result "1-0"]
[Board "71"]
[TimeControl "180+1"]
[WhiteFideId "1547887"]
[BlackFideId "2173301"]
[WhiteElo "2343"]
[BlackElo "2053"]
[WhiteTeam "NOR"]
[BlackTeam "BRA"]
[WhiteClock "0:02:44"]
[BlackClock "0:02:21"]

1. e4 c5 2. c3 d6 3. d4 Qc7 4. Nf3 Nf6 5. Bd3 g6 6. O-O Bg7 7. Re1 O-O 8. Nbd2 e5 9. Nf1 cxd4 10. cxd4 Bg4 11. Bg5 Nc6 12. Bxf6 Bxf6 13. Ne3 Nxd4 14. Nxg4 1-0

[Event "December 19 Early 2023"]
[Site "https://www.chess.com"]
[Date "2023.12.19"]
[Round "1"]
[White "Lacasa Diaz, Josep Anton"]
[Black "Kezin, Roman"]
[Result "0-1"]
[Board "72"]
[TimeControl "180+1"]
[WhiteFideId "2203375"]
[BlackFideId "24124621"]
[WhiteElo "2338"]
[BlackElo "2492"]
[WhiteTeam "ESP"]
[BlackTeam "RUS"]
[WhiteClock "0:00:02"]
[BlackClock "0:00:04"]

1. e4 c6 2. d4 d5 3. exd5 cxd5 4. c4 Nf6 5. Nc3 e6 6. Nf3 Bb4 7. cxd5 Nxd5 8. Bd2 Nc6 9. Bd3 O-O 10. O-O Be7 11. Re1 Bf6 12. Ne4 Bxd4 13. Nxd4 Nxd4 14. Qh5 f5 15. Ng5 Nf6 16. Qh3 e5 17. Bc4+ Kh8 18. Bb4 f4 19. Bxf8 Qxf8 20. Qh4 Nf5 21. Qh3 Nd6 22. Qb3 h6 23. Nf7+ Nxf7 24. Bxf7 e4 25. Bg6 Qe7 26. Qc2 e3 27. fxe3 fxe3 28. Qd3 Bd7 29. Qxe3 Qb4 30. Rad1 Bc6 31. Rd2 Qg4 32. Red1 Qxg6 33. Rd8+ Kh7 34. R8d2 a6 35. Qg3 Re8 36. Qxg6+ Kxg6 37. h3 Re4 38. Rf2 Kf7 39. b3 Ke7 40. Rfd2 Re5 41. Rf2 Rd5 42. Rfd2 Rxd2 43. Rxd2 Ne4 44. Re2 Kd6 45. Re3 Kc5 46. Rd3 Bd5 47. g4 b5 48. Kf1 b4 49. Ke2 Nc3+ 50. Ke3 Nxa2 51. Kf4 Nc1 52. Re3 Nxb3 53. Ke5 a5 54. Rd3 Bc4 55. Rd8 Kb5 56. Rb8+ Ka4 57. Rb7 g5 58. Rb6 Nd2 59. Rxh6 b3 60. Rb6 Bb5 61. Kd4 b2 0-1

[Event "December 19 Early 2023"]
[Site "https://www.chess.com"]
[Date "2023.12.19"]
[Round "1"]
[White "Alexandre, Anne Shopie Elizabeth"]
[Black "Kovalyov, Eduard"]
[Result "1/2-1/2"]
[Board "73"]
[TimeControl "180+1"]
[WhiteFideId "11902418"]
[BlackFideId "14118033"]
[WhiteElo "2830"]
[BlackElo "2300"]
[WhiteTeam "HAI"]
[BlackTeam "UKR"]
[WhiteClock "0:00:04"]
[BlackClock "0:00:05"]

1. Nf3 d5 2. g3 g6 3. Bg2 Bg7 4. c4 dxc4 5. Qa4+ Nc6 6. Qxc4 e5 7. d3 Nge7 8. Ng5 O-O 9. O-O h6 10. Ne4 Nd4 11. Nbc3 Be6 12. Qa4 Nd5 13. Qd1 b6 14. Bd2 c5 15. Nxd5 Bxd5 16. e3 Nc6 17. Qe2 f5 18. Nc3 Bxg2 19. Kxg2 Qd7 20. Rad1 Rad8 21. Bc1 Nb4 22. d4 exd4 23. exd4 cxd4 24. Qc4+ Nd5 25. Nb5 Kh7 26. Nxd4 f4 27. Nc6 f3+ 28. Kh1 Qh3 29. Rg1 Rf5 30. Qh4 Qxh4 31. gxh4 Rd7 32. Rd3 Rdf7 33. Nd4 Rh5 34. Ne6 Bf6 35. Rxf3 Rxh4 36. a3 g5 37. Rd3 Nf4 38. Bxf4 gxf4 39. b4 Be5 40. f3 Rh5 41. Rd5 Rhf5 42. Re1 Bb2 43. Rxf5 Rxf5 44. a4 Bc3 45. Re4 a5 46. b5 Bd2 47. Rd4 Be3 48. Re4 Kg6 49. Kg2 Kf6 50. Nd4 Rg5+ 51. Kf1 Rh5 52. Kg2 Rg5+ 53. Kh3 Rh5+ 54. Kg2 Rg5+ 1/2-1/2

[Event "December 19 Early 2023"]
[Site "https://www.chess.com"]
[Date "2023.12.19"]
[Round "1"]
[White "Kashtanov, Ruslan"]
[Black "Vakhlamov, Igor L."]
[Result "1-0"]
[Board "74"]
[TimeControl "180+1"]
[WhiteFideId "4124871"]
[BlackFideId "24126748"]
[WhiteElo "2263"]
[BlackElo "2407"]
[WhiteTeam "RUS"]
[BlackTeam "RUS"]
[WhiteClock "0:00:18"]
[BlackClock "0:00:24"]

1. e4 c5 2. Nf3 e6 3. d4 cxd4 4. Nxd4 Nf6 5. Nc3 Nc6 6. Ndb5 Bc5 7. Bf4 O-O 8. Bc7 Qe7 9. Bd6 Bxd6 10. Qxd6 Qd8 11. O-O-O a6 12. Nd4 Ne7 13. h4 Ne8 14. Qg3 b5 15. a3 d6 16. h5 h6 17. Qe3 e5 18. Nf3 Qc7 19. Be2 Be6 20. g4 Bxg4 21. Rhg1 Nf6 22. Nh4 Bxe2 23. Nxe2 Kh7 24. Ng3 Rac8 25. Rd2 Qc5 26. Qf3 Rg8 27. Ngf5 Nxf5 28. Nxf5 Rcd8 29. Nxh6 Kxh6 30. Qf5 Nxh5 31. Qg5+ Kh7 32. Qxh5# 1-0

[Event "December 19 Early 2023"]
[Site "https://www.chess.com"]
[Date "2023.12.19"]
[Round "1"]
[White "Sychev, Klementy"]
[Black "Herman, Daniel"]
[Result "1-0"]
[Board "75"]
[TimeControl "180+1"]
[WhiteFideId "4114060"]
[BlackFideId "30935008"]
[WhiteElo "2583"]
[BlackElo "1897"]
[WhiteTeam "FID"]
[BlackTeam "USA"]
[WhiteClock "0:00:07"]
[BlackClock "0:00:03"]

1. e4 g6 2. d4 Bg7 3. Nc3 d6 4. Be3 a6 5. g4 b5 6. Bg2 Bb7 7. h4 h6 8. g5 hxg5 9. h5 gxh5 10. Rxh5 Nf6 11. Rxh8+ Bxh8 12. Bxg5 b4 13. Nd5 Bxd5 14. exd5 Nbd7 15. Ne2 Qb8 16. Nf4 Qb5 17. Qd2 O-O-O 18. a3 Rg8 19. Bxf6 Bxf6 20. axb4 Bg5 21. Bf1 Bxf4 22. Qxf4 Qxb4+ 23. Qd2 Qxd2+ 24. Kxd2 Nb6 25. Bxa6+ Kd8 26. c4 Rg4 27. Kd3 Rh4 28. Bb5 e5 29. dxe5 dxe5 30. Re1 f6 31. Rg1 Rd4+ 32. Kc3 Rf4 33. Rg2 Ke7 34. b4 Rf3+ 35. Kc2 f5 36. Rg7+ Kf6 37. Rxc7 Rxf2+ 38. Kd1 e4 39. Rc6+ Ke5 40. Rxb6 f4 41. d6 e3 42. d7 Rd2+ 43. Ke1 f3 44. c5 Rh2 45. d8=Q Rh1+ 46. Bf1 e2 47. Qe7+ Kd4 48. Rd6+ Kc3 49. Qe3+ Kxb4 50. Qd4+ Ka5 51. Qa1+ Kb5 52. Qb2+ Kxc5 53. Qd4+ Kb5 54. Rb6+ Ka5 55. Qb4# 1-0

[Event "December 19 Early 2023"]
[Site "https://www.chess.com"]
[Date "2023.12.19"]
[Round "1"]
[White "Gurevich, Dmitry"]
[Black "Hong, Andrew"]
[Result "0-1"]
[Board "76"]
[TimeControl "180+1"]
[WhiteFideId "2000407"]
[BlackFideId "2099438"]
[WhiteElo "2506"]
[BlackElo "2460"]
[WhiteTeam "USA"]
[BlackTeam "USA"]
[WhiteClock "0:00:01"]
[BlackClock "0:00:45"]

1. d4 Nf6 2. c4 Nc6 3. Nf3 d6 4. Nc3 g6 5. d5 Nb8 6. e4 Bg7 7. Be2 Bg4 8. O-O O-O 9. Be3 Nfd7 10. Rc1 c5 11. h3 Bxf3 12. Bxf3 Na6 13. Be2 Nc7 14. Qd2 a6 15. a4 e5 16. dxe6 Nxe6 17. Qxd6 Nd4 18. Bxd4 cxd4 19. Nd5 Re8 20. Bg4 Ne5 21. Qxd8 Raxd8 22. Rfd1 Nxg4 23. hxg4 Rxe4 24. f3 Re2 25. b4 Rde8 26. a5 Be5 27. f4 Bg7 28. Kf1 R8e4 29. g5 Kf8 30. Re1 d3 31. Rxe2 dxe2+ 32. Ke1 Bd4 33. b5 Bc5 34. bxa6 bxa6 35. Nf6 Bb4+ 0-1

[Event "December 19 Early 2023"]
[Site "https://www.chess.com"]
[Date "2023.12.19"]
[Round "1"]
[White "Klimkowski, Jan"]
[Black "Spichkin, Alexander"]
[Result "1-0"]
[Board "77"]
[TimeControl "180+1"]
[WhiteFideId "21856222"]
[BlackFideId "4144074"]
[WhiteElo "2324"]
[BlackElo "1955"]
[WhiteTeam "POL"]
[BlackTeam "RUS"]
[WhiteClock "0:00:43"]
[BlackClock "0:00:00"]

1. e4 e5 2. Nf3 d5 3. Nxe5 Bd6 4. d4 dxe4 5. Bf4 Nf6 6. Nc3 O-O 7. Bc4 a6 8. a4 b6 9. O-O Bb7 10. Bg5 Be7 11. Re1 Nc6 12. Nxc6 Bxc6 13. d5 Bxd5 14. Nxd5 Nxd5 15. Bxd5 Bxg5 16. Bxa8 Qxa8 17. Qg4 Bf6 18. Qxe4 Bxb2 19. Rad1 Qc8 20. Qc6 Ba3 21. Re4 Bd6 22. g3 Qf5 23. Re8 g6 24. Rde1 Qa5 25. R1e4 Qd2 26. h4 h5 27. Re2 Qd4 28. R8e4 Qd1+ 29. Kg2 Qa1 30. Qc4 Qa3 31. Qxa6 Kg7 32. Re8 Qa2 33. Qb5 Rxe8 34. Qxe8 Qc4 35. Qe4 Qc3 36. Re3 Qa5 37. Qd4+ Kg8 38. Re8+ Bf8 39. Rc8 Qe1 40. Rxc7 Bg7 41. Qd5 Qe8 42. Rd7 Kh7 43. Qxf7 Qe5 44. Qxg7+ Qxg7 45. Rxg7+ Kxg7 46. Kf3 Kf6 47. Ke4 Ke6 48. f3 Kd6 49. Kd4 Ke6 50. c4 Kd6 51. g4 1-0

[Event "December 19 Early 2023"]
[Site "https://www.chess.com"]
[Date "2023.12.19"]
[Round "1"]
[White "Novak, Ratko"]
[Black "Finek, Vaclav"]
[Result "0-1"]
[Board "78"]
[TimeControl "180+1"]
[WhiteFideId "14511827"]
[BlackFideId "23718293"]
[WhiteElo "2036"]
[BlackElo "2309"]
[WhiteTeam "CRO"]
[BlackTeam "CZE"]
[WhiteClock "0:00:19"]
[BlackClock "0:00:56"]

1. d4 d5 2. c4 c6 3. cxd5 cxd5 4. Nc3 Nf6 5. f3 Nc6 6. e4 dxe4 7. d5 Ne5 8. fxe4 Bd7 9. Qd4 Ng6 10. e5 Ng8 11. Bd3 e6 12. d6 Qh4+ 13. Qxh4 Nxh4 14. Be4 Bc6 15. Bxc6+ bxc6 16. g3 Ng6 17. Nf3 f6 18. Ne4 fxe5 19. Bg5 h6 20. O-O-O hxg5 21. d7+ Ke7 22. Nexg5 Rd8 23. Rhe1 Rxd7 24. Rxd7+ Kxd7 25. h4 Nf6 26. Nf7 Rh5 27. N3g5 e4 28. Nxe4 Nxe4 29. Rxe4 Rf5 30. Ng5 e5 31. a3 Bc5 32. b4 Bd4 33. Rg4 Ne7 34. Ne4 g6 35. Kc2 Ke6 36. Kd3 Kd5 37. Ng5 Nc8 38. Ne4 Rf3+ 39. Kd2 Rxa3 40. Nf6+ Ke6 41. Rxg6 Kf5 42. h5 Ne7 43. g4+ Ke6 44. Rh6 Be3+ 0-1

[Event "December 19 Early 2023"]
[Site "https://www.chess.com"]
[Date "2023.12.19"]
[Round "1"]
[White "Yanchenko, Roman"]
[Black "Perossa, Nicolas"]
[Result "1-0"]
[Board "79"]
[TimeControl "180+1"]
[WhiteFideId "4137329"]
[BlackFideId "2850520"]
[WhiteElo "2478"]
[BlackElo "1934"]
[WhiteTeam "RUS"]
[BlackTeam "ITA"]
[WhiteClock "0:01:17"]
[BlackClock "0:00:01"]

1. d4 d6 2. Nf3 Nf6 3. Bf4 Bf5 4. e3 h6 5. c4 Nbd7 6. Nc3 Nh5 7. Nh4 Nxf4 8. Nxf5 Ng6 9. d5 e6 10. dxe6 fxe6 11. Nd4 Nc5 12. b4 e5 13. bxc5 exd4 14. Bd3 Qg5 15. h4 Nxh4 16. Ne4 Nxg2+ 17. Kf1 Nxe3+ 18. fxe3 Qxe3 19. Qh5+ Kd8 20. Rh3 Qf4+ 21. Rf3 Qe5 22. Qf7 Be7 23. cxd6 cxd6 24. Re1 Rf8 25. Qxf8+ Bxf8 26. Rxf8+ Kc7 27. Rxa8 Qf4+ 28. Nf2 h5 29. Re7+ Kb6 30. Rb8 Ka5 31. Rexb7 Qc1+ 32. Ke2 Qe3+ 33. Kd1 a6 34. Rb3 Ka4 35. Bc2 Qxf2 36. Rd3+ Ka5 37. Ra3# 1-0

[Event "December 19 Early 2023"]
[Site "https://www.chess.com"]
[Date "2023.12.19"]
[Round "1"]
[White "Mizzi, Jack"]
[Black "Dragun, Kamil"]
[Result "0-1"]
[Board "80"]
[TimeControl "180+1"]
[WhiteFideId "5602521"]
[BlackFideId "1134167"]
[WhiteElo "2127"]
[BlackElo "2551"]
[WhiteTeam "MLT"]
[BlackTeam "POL"]
[WhiteClock "0:00:00"]
[BlackClock "0:00:54"]

1. d4 d5 2. c4 c6 3. Nf3 Nf6 4. Nbd2 Bf5 5. Nh4 Be4 6. e3 e6 7. Be2 h6 8. O-O Bh7 9. b3 Nbd7 10. Bb2 Bd6 11. Rc1 O-O 12. f4 c5 13. f5 cxd4 14. fxe6 fxe6 15. Bxd4 Ne5 16. Nhf3 Neg4 17. h3 e5 18. hxg4 exd4 19. Nxd4 Qe7 20. Rf3 Nxg4 21. Rxf8+ Rxf8 22. Bxg4 Qxe3+ 23. Kh1 Qxd4 24. Be6+ Kh8 25. Nf3 Qe3 26. Bxd5 Rf5 27. Nh4 Qg3 28. Nf3 Rxf3 0-1

[Event "December 19 Early 2023"]
[Site "https://www.chess.com"]
[Date "2023.12.19"]
[Round "1"]
[White "Lagarde, Maxime"]
[Black "Kovacsy, Barnabas"]
[Result "1-0"]
[Board "81"]
[TimeControl "180+1"]
[WhiteFideId "662399"]
[BlackFideId "769290"]
[WhiteElo "2564"]
[BlackElo "2130"]
[WhiteTeam "FRA"]
[BlackTeam "HUN"]
[WhiteClock "0:00:27"]
[BlackClock "0:00:08"]

1. d4 Nf6 2. c4 g6 3. Nc3 d5 4. h4 dxc4 5. e4 c5 6. d5 Bg7 7. Bxc4 a6 8. a4 Nbd7 9. f4 O-O 10. h5 Nxh5 11. g4 Ng3 12. Rh3 Bxc3+ 13. bxc3 Nxe4 14. Be2 Ndf6 15. c4 Qa5+ 16. Kf1 Bd7 17. Re3 Nd6 18. Rxe7 Rae8 19. Re5 b5 20. Bb2 bxc4 21. Qc1 Nfe4 22. Nf3 Ng3+ 23. Kf2 Nxe2 24. Kxe2 Bxg4 25. Bc3 Qc7 26. Qg1 Bxf3+ 27. Kxf3 f6 28. Ree1 Nf5 29. Rxe8 Rxe8 30. Re1 Rxe1 31. Qxe1 Nd4+ 32. Bxd4 cxd4 33. Qe6+ Kg7 34. d6 Qc6+ 35. Kg3 h5 36. Qe7+ Kh6 37. Qxf6 Qe4 38. Qh8# 1-0

[Event "December 19 Early 2023"]
[Site "https://www.chess.com"]
[Date "2023.12.19"]
[Round "1"]
[White "Bazilius, Augustinas"]
[Black "Rustemov, Alexander"]
[Result "1-0"]
[Board "82"]
[TimeControl "180+1"]
[WhiteFideId "12832251"]
[BlackFideId "4119002"]
[WhiteElo "2082"]
[BlackElo "2801"]
[WhiteTeam "LTU"]
[BlackTeam "RUS"]
[WhiteClock "0:00:04"]
[BlackClock "0:00:00"]

1. d4 g6 2. c4 Bg7 3. Nf3 c5 4. d5 f5 5. g3 d6 6. Bg2 Nf6 7. h4 O-O 8. Nc3 Na6 9. Ng5 Nc7 10. e4 h6 11. Nh3 Qe8 12. Nf4 Qf7 13. h5 g5 14. Ng6 Re8 15. e5 Ng4 16. e6 Qf6 17. a4 b6 18. Qe2 a6 19. f3 Ne5 20. f4 Nxg6 21. hxg6 g4 22. Nd1 Rb8 23. Bd2 Qxg6 24. Bc3 b5 25. Bxg7 Qxg7 26. Ne3 Rf8 27. Qc2 bxc4 28. Nxf5 Rxb2 29. Nxh6+ Qxh6 30. Qxb2 Qg7 31. Qxg7+ Kxg7 32. O-O-O Bb7 33. Kc2 Rf5 34. Rh4 Bxd5 35. Rxg4+ Kf6 36. Bxd5 Nxd5 37. Re1 Rh5 38. Rh4 Rxh4 39. gxh4 Kf5 40. h5 Nf6 41. Rh1 d5 42. h6 Nh7 43. Rg1 Nf6 44. Rg7 d4 45. h7 d3+ 46. Kc3 Nd5+ 47. Kxc4 d2 48. h8=Q d1=Q 49. Rg5+ Ke4 50. Re5+ Kxf4 51. Qh2+ Kg4 52. Qg2+ Kf4 53. Qe4+ Kg3 54. Rg5+ Kf2 55. Qg2+ Ke3 56. Re5+ Kf4 57. Qe4+ Kg3 58. Rg5+ Kf2 59. Rg2+ Kf1 60. Rg3 Qxa4+ 61. Kxd5 Qa2+ 62. Ke5 Qb2+ 63. Kf5 Qf6+ 64. Kg4 Qg7+ 65. Kf3 Qf6+ 66. Qf4 Qc3+ 67. Kg4+ Ke2 68. Rxc3 c4 69. Qe3+ 1-0

[Event "December 19 Early 2023"]
[Site "https://www.chess.com"]
[Date "2023.12.19"]
[Round "1"]
[White "Garcia Ramos, Daniel"]
[Black "Sahin, Sarp"]
[Result "1-0"]
[Board "83"]
[TimeControl "180+1"]
[WhiteFideId "32010311"]
[BlackFideId "51605066"]
[WhiteElo "2363"]
[BlackElo "1775"]
[WhiteTeam "ESP"]
[BlackTeam "TUR"]
[WhiteClock "0:00:31"]
[BlackClock "0:00:00"]

1. e4 c6 2. d4 d5 3. e5 Bf5 4. Nf3 e6 5. Be2 c5 6. Be3 cxd4 7. Nxd4 Ne7 8. c4 Nbc6 9. cxd5 Nxd5 10. Nxf5 exf5 11. Bd2 Nxe5 12. O-O Be7 13. Bb5+ Nc6 14. Qc2 Qd7 15. Nc3 O-O 16. Rad1 Nxc3 17. Bxc3 Qc7 18. Qxf5 a6 19. Rd7 Qc8 20. Bxc6 bxc6 21. Qg4 f6 22. Qc4+ Kh8 23. Rxe7 Qf5 24. Rfe1 Rad8 25. h3 Qc2 26. Rxg7 Rd1 27. Re7 Rd2 28. Qf4 Qg6 29. Bxd2 1-0

[Event "December 19 Early 2023"]
[Site "https://www.chess.com"]
[Date "2023.12.19"]
[Round "1"]
[White "Liu, Casper"]
[Black "Yuan, Qingyu"]
[Result "1-0"]
[Board "84"]
[TimeControl "180+1"]
[WhiteFideId "1454153"]
[BlackFideId "8609772"]
[WhiteElo "2221"]
[BlackElo "2359"]
[WhiteTeam "DEN"]
[BlackTeam "CHN"]
[WhiteClock "0:00:20"]
[BlackClock "0:00:09"]

1. f4 d5 2. Nf3 Nf6 3. e3 g6 4. g3 Bg7 5. Bg2 O-O 6. O-O c5 7. Nc3 d4 8. Ne2 Nc6 9. d3 dxe3 10. Bxe3 Nd5 11. Bxc5 Bxb2 12. Rb1 Bg7 13. c4 Nc7 14. d4 Ne6 15. d5 Nxc5 16. dxc6 bxc6 17. Ned4 Be6 18. Nxc6 Qc7 19. Nce5 f6 20. Nd4 fxe5 21. Nxe6 Nxe6 22. Qd5 Qd6 23. fxe5 Bxe5 24. Rfe1 Qxd5 25. Bxd5 Bd4+ 26. Kh1 Rab8 27. Rxb8 Rxb8 28. Rxe6 Rb1+ 29. Re1+ e6 30. Bxe6+ Kg7 31. Rxb1 1-0

[Event "December 19 Early 2023"]
[Site "https://www.chess.com"]
[Date "2023.12.19"]
[Round "1"]
[White "Suyarov, Mukhammadzokhid"]
[Black "Burmakin, Evgeniy"]
[Result "1-0"]
[Board "85"]
[TimeControl "180+1"]
[WhiteFideId "14210495"]
[BlackFideId "4163729"]
[WhiteElo "2449"]
[BlackElo "2106"]
[WhiteTeam "UZB"]
[BlackTeam "RUS"]
[WhiteClock "0:00:20"]
[BlackClock "0:00:00"]

1. d4 Nf6 2. c4 g6 3. Nc3 Bg7 4. e4 d6 5. f3 O-O 6. Be3 e5 7. Nge2 a6 8. Qd2 Nc6 9. d5 Ne7 10. g4 Rb8 11. Ng3 Bd7 12. h4 b5 13. h5 bxc4 14. hxg6 fxg6 15. Qh2 Be8 16. Bg5 Rf7 17. Bxc4 Rb4 18. Bb3 a5 19. O-O-O a4 20. Bc2 Qb8 21. Bd3 Nc8 22. Be3 Re7 23. g5 Nh5 24. Nxh5 gxh5 25. Qd2 Nb6 26. Ne2 Nc4 27. Bxc4 Rxc4+ 28. Kb1 a3 29. b3 Rb4 30. Ng3 Bg6 31. Nf5 Bxf5 32. exf5 e4 33. f6 Rf7 34. fxg7 Rxg7 35. f4 Rf7 36. Rxh5 Qb5 37. Rdh1 1-0

[Event "December 19 Early 2023"]
[Site "https://www.chess.com"]
[Date "2023.12.19"]
[Round "1"]
[White "Porozhnyak, Maya"]
[Black "Yeremyan, Alen"]
[Result "1/2-1/2"]
[Board "86"]
[TimeControl "180+1"]
[WhiteFideId "34115843"]
[BlackFideId "13308998"]
[WhiteElo "1932"]
[BlackElo "2160"]
[WhiteTeam "RUS"]
[BlackTeam "ARM"]
[WhiteClock "0:00:13"]
[BlackClock "0:00:17"]

1. e4 Nf6 2. Nc3 d5 3. exd5 Nxd5 4. Bc4 Nb6 5. Bb3 Nc6 6. a3 g6 7. Nf3 Bg7 8. O-O O-O 9. Re1 e5 10. h3 h6 11. d3 Kh7 12. Be3 f5 13. Qe2 Bd7 14. Rad1 Qf6 15. Nd5 Nxd5 16. Bxd5 Qd6 17. Ba2 Rae8 18. b4 b6 19. c4 Nd4 20. Bxd4 exd4 21. Qc2 c5 22. b5 Bc8 23. Rxe8 Rxe8 24. Re1 Rxe1+ 25. Nxe1 Qe7 26. Qd2 Bb7 27. Bb3 Be5 28. Nc2 Kg7 29. Qe1 Qf6 30. a4 Kf7 31. a5 Bc7 32. a6 Bc8 33. g3 f4 34. g4 h5 35. f3 hxg4 36. hxg4 Be6 37. Kg2 Qh8 38. Qh1 Qe5 39. Qe1 Qg5 40. Qe4 Bd8 41. Ne1 Be7 42. Bd1 Bd6 43. Qb7+ Kf6 44. Qh7 Bf7 45. Qh8+ Ke7 46. Kf1 Qe5 47. Qxe5+ Bxe5 48. Ng2 Kf6 49. Kg1 Kg5 50. Kh2 Be6 51. Kh3 Bd7 52. Be2 Be6 53. Ne1 Kf6 54. Kh4 g5+ 55. Kh3 Bd7 56. Nc2 Ke6 57. Kg2 Kd6 58. Na3 Be6 59. Kf2 Bf6 60. Kg2 Bd8 61. Kf2 Ke5 62. Kg2 Bf6 63. Kf2 1/2-1/2

[Event "December 19 Early 2023"]
[Site "https://www.chess.com"]
[Date "2023.12.19"]
[Round "1"]
[White "Postny, Evgeny"]
[Black "Zeneli, Klendi"]
[Result "0-1"]
[Board "87"]
[TimeControl "180+1"]
[WhiteFideId "2804344"]
[BlackFideId "4706609"]
[WhiteElo "2505"]
[BlackElo "1974"]
[WhiteTeam "ISR"]
[BlackTeam "ALB"]
[WhiteClock "0:00:00"]
[BlackClock "0:00:07"]

1. e4 e5 2. Nf3 Nc6 3. Bc4 Nf6 4. d3 Bc5 5. c3 d6 6. O-O a6 7. a4 Ba7 8. Bg5 h6 9. Bh4 O-O 10. Nbd2 Be6 11. Re1 g5 12. Nxg5 hxg5 13. Bxg5 Kg7 14. Qf3 Rh8 15. h4 Rh6 16. Nf1 Rg6 17. Ne3 Rxg5 18. hxg5 Nh7 19. g6 Ng5 20. Qg3 Bxc4 21. Nf5+ Kf6 22. dxc4 fxg6 23. Ne3 Kg7 24. Qg4 Qf6 25. Re2 Rh8 26. Qd7+ Nf7 27. b4 Qh4 28. Qh3 Qxe4 29. Qg3 Qf4 30. Qxf4 exf4 31. Nd5 Nce5 32. Nxf4 Nxc4 33. Ne6+ Kf6 34. Nxc7 Nfe5 35. Nd5+ Kg7 36. Rd1 Ng4 37. Nf4 Bxf2+ 38. Rxf2 Rh1+ 39. Kxh1 Nxf2+ 40. Kg1 Nxd1 41. Nd5 Nce3 42. Ne7 Nxc3 43. Nc8 d5 44. Kf2 Nc4 45. Kf3 Nxa4 46. Ne7 d4 47. Ke4 Nd6+ 48. Kxd4 Nf5+ 49. Nxf5+ gxf5 50. Ke5 Kg6 0-1

[Event "December 19 Early 2023"]
[Site "https://www.chess.com"]
[Date "2023.12.19"]
[Round "1"]
[White "Lopusiewicz, Piotr"]
[Black "Samunenkov, Ihor"]
[Result "0-1"]
[Board "88"]
[TimeControl "180+1"]
[WhiteFideId "1116029"]
[BlackFideId "14187086"]
[WhiteElo "2286"]
[BlackElo "2473"]
[WhiteTeam "POL"]
[BlackTeam "UKR"]
[WhiteClock "0:00:37"]
[BlackClock "0:00:06"]

1. d4 Nf6 2. c4 e6 3. Nf3 d5 4. Nc3 a6 5. cxd5 exd5 6. Bf4 Bd6 7. Be5 O-O 8. Bxf6 Qxf6 9. Nxd5 Qd8 10. Nc3 Nc6 11. e3 Bg4 12. h3 Bh5 13. Be2 Re8 14. O-O Qe7 15. Ne5 Nxe5 16. Bxh5 Nc4 17. b3 Nxe3 18. fxe3 Qxe3+ 19. Kh1 Qg3 20. Bxf7+ Kh8 21. Kg1 Qh2+ 22. Kf2 Re7 23. Qf3 Bg3+ 24. Qxg3 Rxf7+ 25. Qf3 Rxf3+ 26. Kxf3 Rf8+ 27. Ke3 Qg3+ 28. Rf3 Rxf3+ 29. gxf3 Qxh3 30. Re1 h6 31. Ne4 Qg2 32. Re2 Qg1+ 33. Kd3 c6 34. Nc5 Qd1+ 35. Ke3 Qc1+ 36. Kf2 Qf4 37. Ne6 Qf6 38. Re4 Kh7 39. Ke3 Kg8 40. Nc5 Qg5+ 41. Kd3 h5 42. Nxb7 h4 43. Nd6 h3 44. Re8+ Kh7 45. Rh8+ Kxh8 46. Nf7+ Kg8 47. Nxg5 h2 48. Ne4 h1=Q 49. Kc4 Qxf3 50. Nc3 g5 51. Na4 Qd5+ 52. Kb4 g4 53. Nc5 Qxd4+ 54. Ka3 Qxc5+ 55. b4 Qc3+ 0-1

[Event "December 19 Early 2023"]
[Site "https://www.chess.com"]
[Date "2023.12.19"]
[Round "1"]
[White "Zamorano, Jorge"]
[Black "Uritsky, Yonathan"]
[Result "0-1"]
[Board "89"]
[TimeControl "180+1"]
[WhiteFideId "173770"]
[BlackFideId "2825651"]
[WhiteElo "2331"]
[BlackElo "2168"]
[WhiteTeam "ARG"]
[BlackTeam "ISR"]
[WhiteClock "0:00:01"]
[BlackClock "0:00:19"]

1. d4 Nf6 2. Bf4 c5 3. e3 g6 4. Nc3 Bg7 5. h4 h6 6. Nf3 b6 7. Bc4 Bb7 8. Ne5 e6 9. Qe2 O-O 10. O-O-O b5 11. Nxb5 d5 12. dxc5 Qa5 13. Bb3 Ne4 14. Nd6 Ba6 15. Qe1 Qxe1 16. Rdxe1 Nxc5 17. Rd1 Nbd7 18. Nxd7 Nxd7 19. e4 dxe4 20. Nxe4 Nb6 21. Nc5 Be2 22. Rd2 Bc4 23. Nd7 Nxd7 24. Rxd7 Bxb3 25. axb3 a5 26. Kb1 a4 27. bxa4 Rxa4 28. c3 Rxf4 0-1

[Event "December 19 Early 2023"]
[Site "https://www.chess.com"]
[Date "2023.12.19"]
[Round "1"]
[White "Gutierrez Olivares, Daniel"]
[Black "Skvortsov, Andrei"]
[Result "1-0"]
[Board "90"]
[TimeControl "180+1"]
[WhiteFideId "2264005"]
[BlackFideId "24108600"]
[WhiteElo "2317"]
[BlackElo "2338"]
[WhiteTeam "ESP"]
[BlackTeam "MNE"]
[WhiteClock "0:01:03"]
[BlackClock "0:00:38"]

1. Nf3 g6 2. g3 Bg7 3. Bg2 e5 4. d3 d5 5. c4 Ne7 6. cxd5 Nxd5 7. Nc3 O-O 8. O-O Ne7 9. Nd2 Nbc6 10. b3 e4 11. Bb2 exd3 12. Nc4 Bf5 13. e4 Be6 14. Ne3 Nd4 15. Kh1 Ne2 16. Qd2 Nxc3 17. Bxc3 Nc6 18. Rad1 a5 19. Bxg7 Kxg7 20. Qc3+ Qf6 21. Rxd3 Ne5 22. Rd2 c6 23. f4 Ng4 24. e5 Qe7 25. f5 gxf5 26. Nxf5+ Bxf5 27. Rxf5 Qe6 28. Rg5+ Kh8 29. Bh3 f5 30. exf6 Qe1+ 31. Kg2 Rxf6 32. Rd8+ Rxd8 33. Qxe1 Rf2+ 34. Kg1 Rfd2 35. Bxg4 1-0